Cogmind - Beta 13 @@@ ROGUE MODE // 2024.07.28 @ 14:11:33 Player: Sgt. SmokeWeed Result: Destroyed by G-34 Mercenary with Small Laser Performance ------------- Evolutions (0) 0 Regions Visited (1) 200 Robots Destroyed (9) 45 Value Destroyed (211) 211 Prototype IDs (0) 0 Alien Tech Used (0) 0 Bonus (0) 0 TOTAL SCORE: 456 Bonus ------- None Cogmind --------- Core Integrity 0/250 Matter 213/300 Energy 181/250 System Corruption 0% Temperature Cool (60) Movement Treading (160) Location -10/Materials Parts ------- > --- POWER (1) -------- Ion Engine > --- PROPULSION (2) --- Light Treads Light Treads > --- UTILITY (2) ------ (None) > --- WEAPON (2) ------- Small Laser > --- INVENTORY (5) ---- Light Ion Engine Peak State ------------ > --- POWER ------------ Light Ion Engine > --- PROPULSION ------- Light Treads Light Treads > --- UTILITY ---------- (None) > --- WEAPON ----------- Small Laser Light Assault Rifle > --- INVENTORY -------- (None) [Rating: 5] Favorites ----------- Power Ion Engine Engine Ion Engine Propulsion Light Treads Treads Light Treads Utility None Weapon Light Assault Rifle Energy Gun Small Laser Ballistic Gun Light Assault Rifle Build | -11 -10 ------- Run | Yrd Mat Slots Evolved . | . . Power . | . . Propulsion . | . . Utility . | . . Weapon . | . . Parts Attached 11 | 5 6 Power 3 | 1 2 Engine 3 | 1 2 Core . | . . Reactor . | . . Propulsion 4 | 2 2 Treads 4 | 2 2 Leg . | . . Wheel . | . . Hover . | . . Flight . | . . Utility . | . . Device . | . . Storage . | . . Processor . | . . Hackware . | . . Protection . | . . Artifact . | . . Weapon 4 | 2 2 Energy Gun 2 | 1 1 Energy Cannon . | . . Ballistic Gun 2 | 1 1 Ballistic Cannon . | . . Launcher . | . . Special Weapon . | . . Impact Weapon . | . . Slashing Weapon . | . . Piercing Weapon . | . . Special Melee Weapon . | . . Unidentified Prototypes . | . . Parts Lost 5 | . 5 Power 1 | . 1 Propulsion 2 | . 2 Utility . | . . Weapon 2 | . 2 Highest Loss Streak 5 | . 5 To Critical Strikes . | . . Average Slot Usage (%) 67 | . 67 Engine 13 | . 13 Treads 26 | . 26 Energy Gun 3 | . 3 Ballistic Gun 22 | . 22 Naked Turns 23 | . 23 Heaviest Build 8 | 5 8 Greatest Support 40 | 40 40 Greatest Overweight (x) 1 | . 1 Average Overweight (x) . | . . Largest Inventory Capacity 5 | 5 5 Average Capacity 5 | 5 5 Most Carried 4 | . 4 Average Carried . | . 1 Final Capacity 5 | 5 5 Final Carried 1 | . 1 Class Distribution -------------------- 100% | Mutant Dominant Class ---------------- Mutant | -10/Materials Resources | -11 -10 ----------- Run | Yrd Mat Matter Collected 351 | 220 131 Remotely . | . . Salvage Created 240 | . 240 Parts 19 | . 19 Haulers Intercepted . | . . Recyclers Shooed . | . . Parts Field Recycled . | . . Retrieved Matter . | . . Parts Self-Destructed . | . . Prevented . | . . Kills | -11 -10 ------- Run | Yrd Mat Combat Hostiles Destroyed 7 | . 7 Guns 7 | . 7 Classes Destroyed 4 | . 4 Operator 1 | . 1 Watcher 1 | . 1 Swarmer 3 | . 3 Grunt 4 | . 4 Best Kill Streak 2 | . 2 Combat Bots Only 2 | . 2 Max Kills in Single Turn 1 | . 1 Gunslinging . | . . Exploded . | . . Melee . | . . Uniques/NPCs Destroyed . | . . Combat | -11 -10 -------- Run | Yrd Mat Hostile Shots Fired 106 | . 106 Missed 30 | . 30 Damage Taken 899 | . 899 Core 256 | . 256 Absorbed by Shields . | . . Core Remaining (%) 100 | 100 . Volleys Fired 55 | . 55 Largest 2 | . 2 Hottest 60 | . 60 Shots Fired 101 | . 101 Gun 101 | . 101 Cannon . | . . Launcher . | . . Special . | . . Kinetic 85 | . 85 Thermal 16 | . 16 Explosive . | . . Electromagnetic . | . . Robot Hit Streak 12 | . 12 Robot Miss Streak 3 | . 3 Penetration Max . | . . Secondary Targets 2 | . 2 Max Gunslinging Chain 1 | . 1 Shots Hit Robots 66 | . 66 Core Hits 19 | . 19 Critical Kills . | . . Critical Parts Destroyed . | . . Critical Strikes . | . . Melee Attacks . | . . Impact . | . . Slashing . | . . Piercing . | . . Sneak Attacks . | . . Combat Hostiles . | . . Follow-up Attacks . | . . Damage Inflicted 674 | . 674 Guns 670 | . 670 Cannons . | . . Explosions . | . . Melee . | . . Ramming 4 | . 4 Kinetic 539 | . 539 Thermal 131 | . 131 Explosive . | . . Electromagnetic . | . . Impact . | . . Slashing . | . . Piercing . | . . Highest Corruption . | . . Average Corruption . | . . Corruption Purged . | . . Corruption Blocked . | . . Overload Shots . | . . Overflow Damage . | . . Projectiles . | . . Explosions . | . . Melee . | . . Knockbacks . | . . Impact . | . . Kinetic . | . . Secondary . | . . Self-Inflicted Damage 2 | . 2 Shots . | . . Rammed 1 | . 1 Targets Rammed 1 | . 1 Kicked . | . . Crushed . | . . Highest Temperature 126 | . 126 Average Temperature 35 | . 35 Received Heat Transfer 477 | . 477 Siege Activations . | . . Robots Corrupted . | . . Combat Hostiles . | . . Parts Fried . | . . Impact Corruptions . | . . Robots Melted . | . . Combat Hostiles . | . . Parts Melted 1 | . 1 Heat Transferred 300 | . 300 Parts Sabotaged . | . . Parts Stolen . | . . Parts Stripped . | . . Power Chain Reactions . | . . Alert | -11 -10 ------- Run | Yrd Mat Peak Influence 162 | . 162 Initial . | . . Average 60 | . 67 Maximum Alert Level . | . . Low Security (%) 100 | 100 100 Level 1 . | . . Level 2 . | . . Level 3 . | . . Level 4 . | . . Level 5 . | . . High Security . | . . Max Security . | . . Squads Dispatched 3 | . 3 Investigation 1 | . 1 Extermination . | . . Reinforcement 2 | . 2 Assault . | . . Garrison . | . . Intercept . | . . Searches Triggered . | . . Construction Impeded . | . . Haulers Reinforced . | . . Active Scanning Responses . | . . Cargo Convoy Interrupts . | . . Stealth | -11 -10 --------- Run | Yrd Mat Distress Signals 2 | . 2 Communications Jammed . | . . Distress Signals . | . . Times Spotted 20 | . 20 Peak Tracking Total 6 | . 6 Tactical Retreats 1 | . 1 Traps | -11 -10 ------- Run | Yrd Mat Traps Triggered 1 | . 1 Indirectly . | . . Trap Hack Attempts . | . . Triggered . | . . Disarmed . | . . Reprogrammed . | . . Reused . | . . Traps Extracted . | . . Installed . | . . Triggered . | . . Machines | -11 -10 ---------- Run | Yrd Mat Machines Disabled . | . . Max in Single Turn . | . . Machines Repaired . | . . Machines Dismantled . | . . Machines Sabotaged . | . . Overloaded Fab Kills . | . . Hacking | -11 -10 --------- Run | Yrd Mat Machines Accessed 2 | . 2 Terminals 2 | . 2 Fabricators . | . . Repair Stations . | . . Recycling Units . | . . Scanalyzers . | . . Garrison Access . | . . Total Hacks 4 | . 4 Successful 1 | . 1 Failed 3 | . 3 Catastrophic 1 | . 1 Database Lockouts . | . . Manual 3 | . 3 Terminals 4 | . 4 Fabricators . | . . Repair Stations . | . . Recycling Units . | . . Scanalyzers . | . . Garrison Access . | . . Terminal Hacks 1 | . 1 Robot Analysis 1 | . 1 Fabricator Hacks . | . . Repair Station Hacks . | . . Recycling Unit Hacks . | . . Scanalyzer . | . . Garrison Access Hacks . | . . Unauthorized Hacks . | . . Terminals . | . . Fabricators . | . . Repair Stations . | . . Recycling Units . | . . Scanalyzers . | . . Garrison Access . | . . Data Cores Recovered . | . . Used . | . . Hacking Detections 1 | . 1 Full Trace Events 1 | . 1 Feedback Events . | . . Feedback Blocked . | . . Robot Schematics Acquired . | . . Robots Built . | . . Authchips . | . . Time . | . . Total Robot Build Rating . | . . Part Schematics Acquired . | . . Parts Built . | . . Authchips . | . . Time . | . . Total Part Build Rating . | . . Parts Repaired . | . . Time . | . . Parts Recycled . | . . Recycled Matter . | . . Retrieved Matter . | . . Retrieved Components . | . . Parts Scanalyzed . | . . Part Schematics Acquired . | . . Parts Damaged . | . . Bothacking | -11 -10 ------------ Run | Yrd Mat Used RIF Installer . | . . Robots Hacked . | . . Non-combat . | . . Combat . | . . Robot Hacks Applied . | . . Relay Couplers Released . | . . Fabnet Peak Effective % . | . . Robots Rewired . | . . Allies Hacked . | . . Hacks Repelled . | . . Allies | -11 -10 -------- Run | Yrd Mat Total Allies . | . . Largest Group . | . . Highest-Rated Group . | . . Highest-Rated Ally . | . . Total Orders . | . . Ally Attacks . | . . Total Damage . | . . Kills . | . . Allies Corrupted . | . . Allies Melted . | . . Intel | -11 -10 ------- Run | Yrd Mat Robot Analysis Total 1 | . 1 Derelict Logs Recovered . | . . Drone Launches . | . . Drone Recoveries . | . . Exploration | -11 -10 ------------- Run | Yrd Mat Turns Passed 791 | 84 707 Spaces Moved 429 | 57 372 Core 54 | 12 42 Treads 375 | 45 330 Legs . | . . Wheels . | . . Hover . | . . Flight . | . . Fastest Speed 50 | 50 50 Average Speed 146 | 136 147 Slowest Speed 160 | 160 160 Overloaded Moves . | . . Propulsion Burnouts . | . . Robots Hopped . | . . Cave-ins Triggered . | . . Exploration Rate (%) 32 | 4 60 Regions Visited 1 Branch Regions . Pre-discovered Areas . | . . Known Exits Taken . | . . Unknown Exits Taken 1 | 1 . Scrap Searched . | . . Spaces Dug . | . . Terrain Destroyed . | . . Melee . | . . Projectile . | . . AOE . | . . Terrain Rammed . | . . Walls Destroyed . | . . Machines Disabled . | . . Actions | -11 -10 --------- Run | Yrd Mat Total 499 | 61 438 Wait . | . . Move 428 | 56 372 Hop . | . . Pick Up 3 | . 3 Fast Attach 7 | 5 2 Attach 3 | . 3 Detach . | . . Swap 1 | . 1 Drop 1 | . 1 Fire 55 | . 55 Melee . | . . Ram 1 | . 1 Kick . | . . Crush . | . . Escape Stasis . | . . Rewire . | . . Trap . | . . Miscellaneous . | . . Route ------- -11/Scrapyard -10/Materials (discovered 2 exits: [*Mat x2]) History --------- Turn | Location | Event 10 | -11/Scrapyard | Discovered new exit (range 16) 85 | -11/Scrapyard | Entered Materials 219 | -10/Materials | Discovered new exit (range 13) 302 | -10/Materials | Build established: Mutant 665 | -10/Materials | Discovered new exit (range 8) 757 | -10/Materials | Core integrity fell below 50% 763 | -10/Materials | Core integrity fell below 20% 777 | -10/Materials | Lost 5 parts (1p2n2w) 792 | -10/Materials | Destroyed by G-34 Mercenary with Small Laser Last Messages --------------- Triggered Alarm Trap. An alarm sounds. ALERT: Alarm triggered, dispatching investigation squad. Ion Engine destroyed. T-07 Excavator is excavating. Lgt. Assault Rifle destroyed. Acquired Lgt. Treads. Slammed into G-34 Mercenary. G-34 Mercenary destroyed. K-01 Serf collects debris. Acquired 45 matter. Acquired Ion Engine. U-05 Engineer lays Concrete. K-01 Serf collects debris. K-01 Serf destroyed. U-05 Engineer lays Concrete. O-16 Technician destroyed. R-06 Scavenger collects Aluminum Leg. T-07 Excavator is excavating. Acquired Sml. Laser. Map ----- +----------------------------------------------------+ | | | | | | | ###????????????????????????????????????? | | #???????????????????????????????????? | | #???????????????????????????????????? | | #???????????????????????????????????? | | #??????###??????????????????????????? | | " #??????# ??????????????????????????? | | " #####??# #??????????????????????????? | | " # #??# #??????????????????????????? | | # < #??# #???########????????"#?????? | | %* # #??# #???? !#??????? #?????? | | +### #### ###?? """ #??????? #?????? | | % ###?"Y" ??????? #?????? | | +?" " ?????? #?????? | | ##??? ??????? #??????? | | +####### #???? ?????? #???????? | | "????# * ######+####### #???????? | | ??# % +???????? | | ## = /%= #???????? | | """ / ! #???????? | | """"" ###/########## ####/######???????? | | """" # #???# #?#gg #????????? | | # " #???# ##?#gg #????????? | | ####?## T #???####??#@ ! #????????? | | ??????# " """#?????????# #????????? | | ??????# """#?????????# #????????? | | ??????# """#?????????# #????????? | | ??????# #?????????# ! k#????????? | | ??????# """#?????????#####/#????????? | | ??????# """#?????????????? #????????? | | ??????# """#??????????????? ????????? | | ??????# #???????????????? ???????? | | ??????#########???????????????? #??????? | | ????????????????????????????????#??????? | | ???????????????????????????????????????? | | ???????????????????????????????????????? | | ???????????????????????????????????????? | | ???????????????????????????????????????? | | ???????????????????????????????????????? | | ???????????????????????????????????????? | | ???????????????????????????????????????? | | ???????????????????????????????????????? | | ???????????????????????????????????????? | | ???????????????????????????????????????? | | #??####????????????????????????????????? | | ?? #????????????????????????????????? | | "?" #????????????????????????????????? | | """ #????????????????????????????????? | +----------------------------------------------------+ Best States ------------- Heat Dissipation 25 Energy Generation 10 Energy Capacity 250 Matter Stores 300 Matter Capacity 300 Sight Range 16 Terrain Scan Density 10 Evasion (%) 50 Recoil Reduction 2 Item Schematics ----------------- None Robot Schematics ------------------ None Fabricated ------------ Nothing Alien Tech Used ----------------- None Achievements -------------- None Challenges ------------ None Game ------ Seed AssemblyProjectionCore Manual? 0 Play Time 00:08:23 Cumulative 50.2 hours Start 2024.07.28 @ 14:04:16 End 2024.07.28 @ 14:11:33 Sessions 1 Manual Loads 0 Difficulty Rogue Special Mode None Game No. 113 Rogue 43 Adventurer 70 Explorer 0 Win Type - Total 0 Types 0/0/0/0/0/0/0/0/0 Lore% 34 Gallery% 37 Achievement% 30 Wizard Run 0 Options --------- Layout 0 ASCII 0 Keyboard 0 Movement Mouse Keybinds 0 Fullscreen 1 Font 24/Smallcaps Map View 76x50 Zoom Use 0% Tactical HUD 0 Map Filters NONE Filters NONE Steam 1 RUN: eb2dcfb0-b70f-4b36-922a-8e2d94db5964